 Dungeon Crawl Stone Soup version 0.21.0-3-g78d12a8 (webtiles) character file.

68 JeffiDaFish the Covered (level 4, 0/40 HPs)
             Began as a Minotaur Fighter on Jan 12, 2018.
             Killed from afar by an orc wizard (5 damage)
             ... with a puff of flame
             ... on level 3 of the Dungeon.
             The game lasted 00:03:05 (2183 turns).

JeffiDaFish the Covered (Minotaur Fighter)          Turns: 2183, Time: 00:03:06

Health: 0/40       AC: 10    Str: 20    XL:     4   Next: 1%
Magic:  3/3        EV:  5    Int:  5    God:
Gold:   103        SH:  9    Dex:  9    Spells: 3/3 levels left

rFire    + . .     SeeInvis .   a - +2 war axe
rCold    . . .     Gourm    .   c - +0 shield
rNeg     . . .     Faith    .   k - +0 chain mail
rPois    .         Spirit   .   (helmet restricted)
rElec    .         Reflect  .   (no cloak)
rCorr    .         Harm     .   e - +0 pair of gloves
MR       .....                  (no boots)
Stlth    ..........             j - amulet of inaccuracy (curse)
HPRegen  0.13/turn              (no ring)
MPRegen  0.08/turn              (no ring)

@: no status effects
A: retaliatory headbutt, horns 2, clumsy 1, fire resistance 1
a: no special abilities


You were on level 3 of the Dungeon.
You were not hungry.

You visited 1 branch of the dungeon, and saw 3 of its levels.

You collected 103 gold pieces.

Inventory:

Hand Weapons
 a - a +2 war axe (weapon)
Armour
 c - a +0 shield (worn)
 e - a +0 pair of gloves (worn)
 k - a +0 chain mail (worn)
Jewellery
 j - a cursed amulet of inaccuracy (around neck)
Scrolls
 i - a scroll of identify
Potions
 b - a potion of curing
 d - a potion of might
Comestibles
 f - 3 rations


   Skills:
 + Level 4.2 Fighting
 + Level 3.6 Axes
 + Level 4.2 Armour
 + Level 0.2 Dodging
 + Level 4.2 Shields


You had 3 spell levels left.
You didn't know any spells.

Dungeon Overview and Level Annotations

Branches:
Dungeon (3/15)

Altars:


Innate Abilities, Weirdness & Mutations

You reflexively headbutt those who attack you in melee.
You have a pair of horns on your head.
You are clumsy. (Dex -2)
Your flesh is heat resistant. (rF+)


Message History

The orc wizard hits you but does no damage.
The orc wizard gestures at you while chanting.
The puff of flame hits you! You resist.
* * * LOW HITPOINT WARNING * * *
The orc wizard hits you but does no damage.
The orc wizard barely misses you.
The orc wizard hits you but does no damage.
The orc wizard hits you but does no damage.
You block the orc wizard's attack.
The orc wizard hits you but does no damage.
The orc wizard hits you but does no damage.
The orc wizard hits you but does no damage.
You block the orc wizard's attack. The orc wizard hits you with a dagger.
* * * LOW HITPOINT WARNING * * *
You block the orc wizard's attack.
The orc wizard hits you but does no damage.
The orc wizard casts a spell at you. The puff of flame hits you! You resist.
You die...

#.... ...## #....
.... #.#........#
#.#....#...###.
..........>....
#...........!
#####...)#o..###.
.......(%@)......
#..............#.
#.......$#...###
................
...........!####
#####...#.#....
#.....#.##.
#......... .
#..........


You could see an orc wizard.

Vanquished Creatures
  2 adders
  3 orcs (D:3)
  2 ball pythons
  3 giant cockroaches
  5 goblins
  7 hobgoblins
  2 jackals (D:2)
  2 kobolds
  7 bats
  2 frilled lizards
  11 rats
46 creatures vanquished.

Notes
Turn   | Place    | Note
-------+----------+-------------------------------------------
     0 | D:1      | JeffiDaFish the Minotaur Fighter began the quest for the Orb.
     0 | D:1      | Reached XP level 1. HP: 19/19 MP: 0/0
   220 | D:1      | Reached XP level 2. HP: 27/27 MP: 1/1
   987 | D:2      | Reached XP level 3. HP: 33/33 MP: 2/2
  2028 | D:3      | Gained mutation: You are clumsy. (Dex -2) [potion of mutation]
  2028 | D:3      | Gained mutation: Your flesh is heat resistant. (rF+) [potion of mutation]
  2089 | D:3      | Reached XP level 4. HP: 39/40 MP: 3/3
  2183 | D:3      | Killed from afar by an orc wizard

Skill      XL: |  1  2 |
---------------+-------+-----
Shields        | 4 |  4.2
Armour         | 4 |  4.2
Fighting       | 4 |  4.2
Axes           | 3 |  3.6
Dodging        | |  0.2

Action                   |  1- 3 |  4- 6 || total
-------------------------+-------+-------++-------
Melee: War axe           |   118 |       ||   118
       Headbutt          |     8 |       ||     8
  Use: Scroll            |     6 |       ||     6
       Potion            |     5 |       ||     5
  Eat: Chunk             |     4 |       ||     4
Armor: Scale mail        |    35 |       ||    35
       Chain mail        |    42 |    30 ||    72
Dodge: Dodged            |    44 |     9 ||    53
Block: Shield            |    76 |    30 ||   106
